 Dungeon Crawl Stone Soup version 0.32-a0-913-g739538afd8 (webtiles) character file.

Game seed: 12853576521729731390

55 Fractals the Magician (level 3, -2/27 HPs)
             Began as a Human Hedge Wizard on Apr 9, 2024.
             Slain by a phantom (7 damage)
             ... on level 3 of the Dungeon.
             The game lasted 00:14:36 (3138 turns).

Fractals the Magician (Human Hedge Wizard)          Turns: 3138, Time: 00:14:37

Health: -2/27      AC:  4    Str: 12    XL:     3   Next: 93%
Magic:  6/7        EV: 11    Int: 14    God:
Gold:   195        SH:  0    Dex: 12    Spells: 5/8 levels left

rFire   . . .        a - +0 dagger (vamp)
rCold   . . .        (no shield)
rNeg    . . .        b - +0 robe
rPois   .            c - +0 hat
rElec   .            d - +1 cloak {rCorr}
rCorr   +            (no gloves)
SInv    .            (no boots)
Will    .....        (no amulet)
Stlth   ++           (no ring)
HPRegen 0.24/turn    (no ring)
MPRegen 0.10/turn

%: no passive effects
@: mighty
A: explore regen
a: no special abilities


You were on level 3 of the Dungeon.
You visited 1 branch of the dungeon, and saw 4 of its levels.

You collected 195 gold pieces.

Inventory:

Hand Weapons
 a - a +0 vampiric dagger (weapon)
Armour
 b - a +0 robe (worn)
 c - a +0 hat (worn)
 d - a +1 cloak of preservation (worn)
 j - the +4 ring mail of Sif Muna's Regard {rF++ Regen+ Str-5}
   (You found it on level 2 of the Dungeon)

   Str-5:     It affects your strength (-5).
   rF++:      It greatly protects you from fire.
   Regen+:    It increases your rate of health regeneration.
Scrolls
 e - 2 scrolls of identify
 f - a scroll of teleportation {unknown}
 g - a scroll of brand weapon
 h - a scroll of noise {unknown}
 k - a scroll of amnesia {unknown}
 l - a scroll of revelation {unknown}


   Skills:
 - Level 2.0 Fighting
 - Level 2.0 Dodging
 + Level 2.8 Stealth
 - Level 3.0 Spellcasting
 - Level 2.0 Conjurations
 + Level 1.2 Summonings
 - Level 1.0 Translocations


You had 5 spell levels left.
You knew the following spells:

 Your Spells              Type           Power      Damage    Failure   Level
a - Magic Dart            Conj           28%        1d4       10%         1
b - Call Imp              Summ           10%        N/A       19%         2

Your spell library contained the following spells:

 Spells                   Type           Power      Damage    Failure   Level
 Slow                     Hex            8%         N/A       22%         1
 Blink                    Tloc           8%         N/A       22%         2
 Cigotuvi's Dreadful Rot  Necr/Alch/Air  4%         N/A       32%         2
 Mephitic Cloud           Conj/Alch/Air  3%         N/A       45%         3
 Inner Flame              Hex/Fire       2%         N/A       54%         3
 Flame Wave               Conj/Fire      4%         2d5       80%         4
 Sticky Flame             Fire/Alch      2%         2d4       91%         4
 Sculpt Simulacrum        Ice/Alch       1%         N/A       100%        6
 Ozocubu's Refrigeration  Ice            1%         4d7       100%        7
 Polar Vortex             Ice            1%         N/A       100%        9


Dungeon Overview and Level Annotations

Branches:
Dungeon (4/15)
 Temple: D:4-7

Altars:
Nemelex Xobeh

Shops:
D:1 [


Innate Abilities, Weirdness & Mutations

You regain HP and MP as you explore.


Message History

The phantom hits you.
You hit the phantom but do no damage.
The phantom is lightly damaged.
The phantom misses you.
You closely miss the phantom.
The phantom is lightly damaged.
The phantom barely misses you.
You miss the phantom.
The phantom is lightly damaged.
The phantom hits you.
You closely miss the phantom.
The phantom is lightly damaged.
The phantom hits you.
You hit the phantom but do no damage.
The phantom is lightly damaged.
The phantom hits you but does no damage.
You closely miss the phantom.
The phantom is lightly damaged.
The phantom closely misses you.
You barely miss the phantom.
The phantom is lightly damaged.
The phantom hits you!
Aiming: Magic Dart (safe; 10% risk of failure)
Press: ? - help, Q - select action, (/) - cycle Shift-Dir - straight line, f/p - phantom
Aim: a phantom (lightly damaged, 100% to hit)
The magic dart hits the phantom.
The phantom is moderately damaged.
The phantom closely misses you.
You barely miss the phantom.
The phantom is moderately damaged.
The phantom hits you but does no damage.
It was a potion of might.
You feel very mighty all of a sudden. The phantom hits you!
* * * LOW HITPOINT WARNING * * *
The phantom blinks!
You blink.
You closely miss the phantom.
The phantom is lightly damaged.
The phantom hits you!
You die...

##....##########.#.#
##.#..............#
#.###.#########.##
#######.########### #.# #
###........##.......###.#
#
#.........##.⌠#####⌠.##.#
#
........####.##..§##.##.#
### #.#.###.#
#.#.W.⌠.#.#..# #.' #.#)#
#.# #....@..#.(.## #.#
#)#.# #.# #÷#.⌠.⌠.#.###
#.#
#.#.###.####.##...##.#
#.#
#.#........#.⌠#####⌠.#
#.#
.........####.......##
#.# ............#########
#.. ..#.###..###.# ###
..#.# #..# #.###########
#.#.###..###..<........#


You could see a phantom.

Vanquished Creatures
  An adder (D:3)
  2 dart slugs (D:3)
  5 orcs (D:3)
  3 ball pythons
  2 bats (D:2)
  4 endoplasms
  3 giant cockroaches
  2 hobgoblins (D:1)
  2 quokkas (D:3)
  4 frilled lizards
  3 goblins
  2 kobolds
  3 rats
36 creatures vanquished.

Notes
Turn   | Place    | Note
-------+----------+-------------------------------------------
     0 | D:1      | Fractals the Human Hedge Wizard began the quest for the
                  | Orb.
     0 | D:1      | Reached XP level 1. HP: 13/13 MP: 4/4
   162 | D:1      | Found Puludat's Armour Shop.
   265 | D:1      | Reached skill level 1 in Fighting
   480 | D:1      | Reached XP level 2. HP: 14/21 MP: 1/6
   715 | D:1      | Found a faded altar of an unknown god.
  1155 | D:2      | Identified the +4 ring mail of Sif Muna's Regard {rF++
                  | Regen+ Str-5}
  1555 | D:2      | Reached XP level 3. HP: 26/27 MP: 4/7
  1771 | D:3      | Found a sparkling altar of Nemelex Xobeh.
  2152 | D:3      | Identified a scroll of acquirement
  2152 | D:3      | Acquired a +1 cloak of preservation
  2815 | D:4      | Learned a level 2 spell: Call Imp
  2983 | D:4      | Noticed a phantom
  3138 | D:3      | Slain by a phantom

Illustrated notes

Levels and vault maps discovered:
D:1:      eino_arrival_water_cross, layout_loops_ring,
          shapermc_ecumenical_altar_mp_highgroup, serial_shops, shop,
          chequers_serial_rivers_micro_c
D:2:      layout_basic
D:3:      layout_loops_ring, mainiacjoe_overflow_small_starburst, minivault_5,
          kennysheep_another_room, grunt_ministairs_11
D:4:      layout_rooms, mainiacjoe_overflow_catwalk_spiral, uniq_eustachio

Skill      XL: |  1  2  3 |
---------------+----------+-----
Fighting       | 1 2 |  2.0
Conjurations   | 2 |  2.0
Dodging        | |  2.0
Stealth        | |  2.8
Spellcasting   | |  3.0
Summonings     | |  1.2
Translocations | |  1.0

Action                     || total
---------------------------++-------
  Melee: Dagger            ||   126
   Cast: Magic Dart        ||    54
    Use: Potion            ||     3
         Scroll            ||     5
   Stab: Sleeping          ||     4
 Armour: Robe              ||    64
  Dodge: Dodged            ||    90

Table legend: (Time is in decaauts)
 A = Elapsed time spent in this place.
 B = Non-inter-level travel time spent in this place.
 C = Inter-level travel time spent in this place.
 D = Time resting spent in this place.
 E = Time spent auto-exploring this place.
 F = Levels seen in this place.
 G = Mean time per level.
                   A        B        C        D        E       F      G
               +--------+--------+--------+--------+--------+-----+--------+
         Total |   3121 |   2890 |    231 |    495 |   1129 |   4 |  780.2 |
       Dungeon |   3121 |   2890 |    231 |    495 |   1129 |   4 |  780.2 |
               +--------+--------+--------+--------+--------+-----+--------+

Top non-repeatable levels by time:
     D:3: 1448 daAuts
     D:2: 812 daAuts
     D:1: 782 daAuts
     D:4: 78 daAuts
